AoeStats
← Ux'RaúlME

Arabia

506900017Analyzed
1v1 RM · 18d ago on Sep 15, 2026· 30m 30s· 2 players
Game mode
Random Map
Map size
Tiny (2 player)
Population
200
Speed
Normal
Resources
Standard
Victory
Conquest
Starting age
Dark Age
Ending age
Imperial Age
RankedLock teamsTeams togetherTeam positionsShared explorationLock speedFull tech treeHidden civsTurbo modeCheats
Victory
Defeat
🇩🇪 Vikings · Germany
1451
+17
🇲🇽 Hindustanis · Mexico
1468
-17
MJson
6:46 Loom
9:21 Feudal Age
9:29 Man-at-Arms
11:50 Double-Bit Axe
12:26 Town Watch
19:42 Horse Collar
23:11 Castle Age
21:35 Fletching
23:26 Scale Mail Armor
23:23 Crossbowman
24:01 Bodkin Arrow
23:53 Pikeman
30:04 Heavy Plow
Ux'RaúlME
6:27 Loom
9:13 Feudal Age
10:23 Double-Bit Axe
19:58 Castle Age
18:46 Scale Barding Armor
18:49 Gold Mining
18:50 Stone Mining
20:54 Bloodlines
20:44 Husbandry
21:18 Husbandry
21:29 Fletching
22:26 Light Cavalry
30:50 Wheelbarrow
Connection lost

Rejoining the realm…

Still unreachable

The connection could not be restored.

Session expired

The server has moved on; the page needs a fresh start.